 Dungeon Crawl Stone Soup version 0.30.1-3-gfc49f6343a (webtiles) character file.

Game seed: 3505197427190545276

305 jtron the Firebug (level 6, -2/44 HPs)
             Began as a Gnoll Wanderer on Aug 8, 2023.
             Slain by an iguana (3 damage)
             ... on level 4 of the Dungeon.
             The game lasted 00:08:15 (2206 turns).

jtron the Firebug (Gnoll Wanderer)                  Turns: 2206, Time: 00:08:16

Health: -2/44      AC:  5    Str: 12    XL:     6   Next: 39%
Magic:  4/14       EV: 12    Int: 15    God:
Gold:   192        SH:  0    Dex:  9    Spells: 12/15 levels left

rFire   . . .        a - +0 dagger
rCold   . . .        (no shield)
rNeg    + . .        v - +0 robe {rN+}
rPois   .            l - +0 helmet
rElec   .            d - +1 cloak
rCorr   .            (no gloves)
SInv    .            (no boots)
Will    .....        (no amulet)
Stlth   ++           (no ring)
HPRegen 0.27/turn    (no ring)
MPRegen 0.14/turn

%: no passive effects
@: no status effects
A: fangs 1, strong nose, distributed training
a: no special abilities


You were on level 4 of the Dungeon.
You visited 1 branch of the dungeon, and saw 4 of its levels.

You collected 192 gold pieces.

Inventory:

Hand Weapons
 a - a +0 dagger (weapon)
 m - a +0 broad axe
 w - a +0 spear
Armour
 d - a +1 cloak (worn)
 l - a +0 helmet (worn)
 p - +0 storm dragon scales
 v - a +0 robe of positive energy (worn)
Jewellery
 k - a +6 ring of dexterity
Wands
 q - a wand of iceblast (7)
Scrolls
 b - 3 scrolls of blinking
 c - a scroll of acquirement {unknown}
 e - a scroll of enchant weapon {unknown}
Potions
 f - a potion of curing
 h - a potion of flight {unknown}
 i - 2 potions of degeneration {unknown}
 j - a potion of brilliance {unknown}
 n - a potion of mutation {unknown}
 o - a potion of invisibility {unknown}
 r - 2 potions of heal wounds {unknown}
 s - a potion of resistance {unknown}
 t - a potion of attraction {unknown}
 u - a potion of cancellation {unknown}


   Skills:
 + Level 2.0 Fighting
 + Level 2.0 Short Blades
 + Level 2.0 Long Blades
 + Level 2.0 Axes
 + Level 2.0 Maces & Flails
 + Level 2.0 Polearms
 + Level 2.0 Staves
 + Level 2.0 Ranged Weapons
 + Level 2.0 Throwing
 + Level 2.0 Armour
 + Level 3.3 Dodging
 + Level 2.0 Stealth
 + Level 2.0 Shields
 + Level 2.0 Unarmed Combat
 + Level 5.4 Spellcasting
 + Level 1.6 Conjurations
 + Level 1.6 Hexes
 + Level 1.6 Summonings
 + Level 1.6 Necromancy
 + Level 1.6 Translocations
 + Level 1.6 Transmutations
 + Level 7.3 Fire Magic
 + Level 1.6 Ice Magic
 + Level 1.6 Air Magic
 + Level 4.1 Earth Magic
 + Level 1.6 Poison Magic
 + Level 2.2 Invocations
 + Level 3.3 Evocations


You had 12 spell levels left.
You knew the following spells:

 Your Spells              Type           Power      Damage    Failure   Level
a - Sandblast             Erth           32%        2d9       2%          1
b - Scorch                Fire           52%        2d7       1%          2

Your spell library contained the following spells:

 Spells                   Type           Power      Damage    Failure   Level
 Foxfire                  Conj/Fire      68%        2x1d7     2%          1
 Stone Arrow              Conj/Erth      24%        3d8       14%         3
 Sticky Flame             Conj/Fire      17%        2d4       26%         4
 Iskenderun's Battlesphe  Conj           8%         2d6       92%         5
 Iron Shot                Conj/Erth      6%         9d2       100%        6
 Spellforged Servitor     Conj/Summ      4%         N/A       100%        7


Dungeon Overview and Level Annotations

Branches:
Dungeon (4/15)
 Temple: D:4-7

Altars:
Yredelemnul
The Shining One


Innate Abilities, Weirdness & Mutations

You have very sharp teeth.
Your uncanny sense of smell can sniff out nearby items.
Your experience applies equally to all skills.


Message History

The endoplasm hits you but does no damage.
You hit the endoplasm.
The endoplasm is heavily wounded.
The endoplasm freezes you.
You are frozen.
Casting: Scorch (safe; 1% risk of failure)
Confirm with . or Enter, or press ? or * to list all spells.
Aiming: Sandblast (safe; 2% risk of failure)
Press: ? - help, Shift-Dir - straight line, f - endoplasm
Aim: an endoplasm (heavily wounded, 98% to hit)
The blast of sand hits the endoplasm!
You kill the endoplasm!
You hit the iguana but do no damage. The iguana misses you.
You hit the iguana but do no damage. The iguana closely misses you.
You barely miss the iguana. The iguana bites you!
Casting: Sandblast (safe; 2% risk of failure)
Confirm with . or Enter, or press ? or * to list all spells.
Aiming: Sandblast (safe; 2% risk of failure)
Press: ? - help, Shift-Dir - straight line, f - iguana
Aim: an iguana (84% to hit)
The blast of sand hits the iguana but does no damage.
The iguana bites you.
Casting: Sandblast (safe; 2% risk of failure)
Confirm with . or Enter, or press ? or * to list all spells.
Aiming: Sandblast (safe; 2% risk of failure)
Press: ? - help, Shift-Dir - straight line, f/p - iguana
Aim: an iguana (84% to hit)
The blast of sand hits the iguana but does no damage.
The iguana hisses menacingly.
The iguana bites you!
* * * LOW HITPOINT WARNING * * *
The iguana bites you!
* * * LOW HITPOINT WARNING * * *
Casting: Sandblast (safe; 2% risk of failure)
Confirm with . or Enter, or press ? or * to list all spells.
Flames lash the iguana.
The iguana is severely wounded.
The iguana's fire resistance burns away.
The iguana bites you.
You die...

#.......#
#.......#
#.......#
#.......#
#....?..#
#.......######
####.#........
#l#.##.#.##
#@#......##.
........#..###....
#########.........
#......##
###.........
#...........
#.#.......#(
#.##.....##
#.###......


You could see an iguana (combustible).

Vanquished Creatures
  Sigmund (D:3)
  A hound (D:2)
  Jessica (D:2)
  2 adders (D:4)
  3 dart slugs
  3 orcs
  5 ball pythons
  5 endoplasms
  A giant cockroach (D:3)
  2 goblins
  8 hobgoblins
  8 jackals
  3 quokkas
  6 bats
  A frilled lizard (D:1)
  4 kobolds
  8 rats
62 creatures vanquished.

Vanquished Creatures (others)
  A ball python (D:3)
1 creature vanquished.

Grand Total: 63 creatures vanquished

Notes
Turn   | Place    | Note
-------+----------+-------------------------------------------
     0 | D:1      | jtron the Gnoll Wanderer began the quest for the Orb.
     0 | D:1      | jtron set off with the following items: a +0 club, a scroll
                  | of blinking, a +0 robe, a +0 cloak; and the following
                  | spells available to memorise: Scorch, Foxfire, Sandblast,
                  | Stone Arrow, Sticky Flame.
     0 | D:1      | Reached XP level 1. HP: 13/13 MP: 6/6
     2 | D:1      | Learned a level 1 spell: Sandblast
    64 | D:1      | Reached XP level 2. HP: 19/19 MP: 0/7
   246 | D:1      | Learned a level 2 spell: Scorch
   373 | D:1      | Reached skill level 5 in Spellcasting
   373 | D:1      | Reached XP level 3. HP: 25/25 MP: 4/9
   675 | D:2      | Noticed Jessica
   679 | D:2      | Killed Jessica
   680 | D:2      | Reached skill level 1 in Fighting
   680 | D:2      | Reached skill level 1 in Short Blades
   680 | D:2      | Reached skill level 1 in Long Blades
   680 | D:2      | Reached skill level 1 in Axes
   680 | D:2      | Reached skill level 1 in Maces & Flails
   680 | D:2      | Reached skill level 1 in Polearms
   680 | D:2      | Reached skill level 1 in Staves
   680 | D:2      | Reached skill level 1 in Ranged Weapons
   680 | D:2      | Reached skill level 1 in Throwing
   680 | D:2      | Reached skill level 1 in Armour
   680 | D:2      | Reached skill level 1 in Stealth
   680 | D:2      | Reached skill level 1 in Shields
   680 | D:2      | Reached skill level 1 in Unarmed Combat
   680 | D:2      | Reached skill level 1 in Invocations
   680 | D:2      | Reached XP level 4. HP: 31/32 MP: 8/11
   688 | D:2      | Reached skill level 1 in Conjurations
   688 | D:2      | Reached skill level 1 in Hexes
   688 | D:2      | Reached skill level 1 in Summonings
   688 | D:2      | Reached skill level 1 in Necromancy
   688 | D:2      | Reached skill level 1 in Translocations
   688 | D:2      | Reached skill level 1 in Transmutations
   688 | D:2      | Reached skill level 1 in Ice Magic
   688 | D:2      | Reached skill level 1 in Air Magic
   688 | D:2      | Reached skill level 1 in Poison Magic
  1065 | D:2      | Found a faded altar of an unknown god.
  1374 | D:3      | Found a basalt altar of Yredelemnul.
  1376 | D:3      | Noticed a profane servitor
  1396 | D:3      | Found a glowing golden altar of the Shining One.
  1398 | D:3      | Noticed an angel
  1583 | D:3      | Reached XP level 5. HP: 37/37 MP: 9/12
  1616 | D:3      | Noticed Sigmund
  1625 | D:3      | Killed Sigmund
  1626 | D:3      | Reached XP level 6. HP: 44/44 MP: 7/14
  2205 | D:4      | HP: 1/44 [iguana (11)]
  2206 | D:4      | Slain by an iguana

Illustrated notes

Levels and vault maps discovered:
D:1:      eino_arrival_cavern_b, layout_rooms
D:2:      layout_rooms, chequers_ecumenical_altar_island,
          minmay_misc_feat_square, ebering_dispersal_statue_hall, uniq_jessica
D:3:      layout_loops_cross, grunt_temple_overflow_holy_war, uniq_sigmund
D:4:      layout_loops_cross

Skill      XL: |  1  2  3  4  5 |
---------------+----------------+-----
Spellcasting   | 5 |  5.4
Fighting       | 1 2 |  2.0
Short Blades   | 1 2 |  2.0
Long Blades    | 1 2 |  2.0
Axes           | 1 2 |  2.0
Maces & Flails | 1 2 |  2.0
Polearms       | 1 2 |  2.0
Staves         | 1 2 |  2.0
Ranged Weapons | 1 2 |  2.0
Throwing       | 1 2 |  2.0
Armour         | 1 2 |  2.0
Stealth        | 1 2 |  2.0
Shields        | 1 2 |  2.0
Unarmed Combat | 1 2 |  2.0
Invocations    | 1 2 |  2.2
Conjurations   | 1 |  1.6
Hexes          | 1 |  1.6
Summonings     | 1 |  1.6
Necromancy     | 1 |  1.6
Translocations | 1 |  1.6
Transmutations | 1 |  1.6
Ice Magic      | 1 |  1.6
Air Magic      | 1 |  1.6
Poison Magic   | 1 |  1.6
Dodging        | 3 |  3.3
Earth Magic    | 4 |  4.1
Evocations     | 3 |  3.3
Fire Magic     | |  7.3

Action                     |  1- 3 |  4- 6 || total
---------------------------+-------+-------++-------
  Melee: Club              |     2 |       ||     2
         Dagger            |    10 |    40 ||    50
         Bite              |     1 |     4 ||     5
         Punch             |       |     1 ||     1
   Cast: Sandblast         |    27 |    32 ||    59
         Scorch            |       |    12 ||    12
    Use: Scroll            |     4 |       ||     4
   Stab: Sleeping          |     1 |     3 ||     4
 Armour: Robe              |     3 |    21 ||    24
  Dodge: Dodged            |    23 |    34 ||    57
